nivaead, chaotic male human Rogue ----- --...-- |.....| |.....| ##...[..| # |.....| ### -----.- # # # # # ### # # ------# #d |..<.-# ---@-- |....|########-..s..+ |....+# |...d.| |....| |...`>. ------ ------- nivaead the Cutpurse Experience level: 5 Strength: 13 Dexterity: 19 Constitution: 16 Intelligence: 7 Wisdom: 13 Charisma: 8 Health: 0(35) Energy: 28(28) Def: 2 Gold: 351 Moves: 2721 Dungeon seed: iKJoe1ysi6XZBowM Game ID: nivaead_1491577479 Your Inventory: Coins $ - 351 gold pieces Weapons a - a +0 short sword (weapon in hand) p - a +1 orcish dagger s - 8 +0 daggers (in quiver) x - a +3 orcish dagger J - a cursed -3 elven dagger M - 5 blessed +3 darts U - 8 +0 darts Armor e - an uncursed +0 studded leather armor (being worn) n - an uncursed +0 dwarvish cloak (being worn) r - an uncursed +0 Uruk-hai shield (being worn) z - a cursed -2 orcish helm (being worn) Comestibles I - an uncursed tripe ration K - an uncursed sprig of wolfsbane W - an uncursed food ration Scrolls k - an uncursed scroll of scare monster l - an uncursed scroll of identify m - an uncursed scroll of gold detection q - an uncursed scroll of stinking cloud E - an uncursed scroll of enchant armor P - an uncursed scroll of light V - a cursed scroll of identify Y - a blessed scroll of stinking cloud Spellbooks C - an uncursed spellbook of healing Potions c - an uncursed potion of sickness B - a potion of unholy water D - an uncursed potion of oil R - an uncursed potion of levitation S - an uncursed potion of water Z - an uncursed potion of enlightenment Rings o - a cursed ring of hunger Wands h - a wand of opening (0:3) A - a wand of enlightenment (0:15) Q - a wand of enlightenment (0:15) Tools d - an uncursed lock pick f - an uncursed sack g - an uncursed blindfold Spells and supernatural/magical abilities: Name Level Category Fail Memory W - pray for help -- divine ? -- Your skills at the end: Miscellaneous Skills wands [Basic] stealth [Expert] Weapon Skills dagger [Basic] short sword [Basic] Spellcasting Skills Final Attributes: You were piously aligned. You were stealthy. You are dead. Vanquished creatures: 2 small mimics 6 Uruk-hai a straw golem a homunculus 2 jitterbugs a giant bat a dwarf zombie 2 killer bees a coyote a hobbit 2 geckos a hobgoblin 3 giant rats 2 yellow molds a red mold 2 garter snakes a gnome zombie 4 jackals a kobold 5 newts 2 goblins a sewer rat 7 grid bugs 4 lichens 54 creatures vanquished. Voluntary challenges: You did not adorn yourself with jewelry or accessories. You did not cause conflict. You were not invisible. You did not have reflection. You were not displaced. You had been an atheist until turn 2503. You used a wielded weapon 68 times, starting on turn 2. You did not apply a unicorn horn. You did not use plumbed fixtures. You did not drink any magical draughts. You were illiterate. You never genocided any monsters. You never polymorphed an object. You never changed form. You used no wishes. You never split a pudding. You never wrote Elbereth's name. You never violated your personal moral code. Dungeon overview: The Dungeons of Doom: levels 1 to 7 Level 1 a fountain a long staircase Level 2 a fountain Level 3 a sink Level 4 a general store a long staircase Level 5 many fountains Level 6 a fountain a long staircase Level 7 <- You were here History has recorded: On T:1 you entered the Dungeons of Doom to retrieve the Amulet of Yendor! On T:405 you reached level 2 of The Dungeons of Doom. On T:733 you advanced to experience level 2. On T:931 you reached level 3 of The Dungeons of Doom. On T:1276 you advanced to experience level 3. On T:1333 you reached level 4 of The Dungeons of Doom. On T:1533 you advanced to experience level 4. On T:1643 you reached level 5 of The Dungeons of Doom. On T:2015 you reached level 6 of The Dungeons of Doom. On T:2280 you advanced to experience level 5. On T:2503 you prayed to Kos. On T:2656 you reached level 7 of The Dungeons of Doom. Score breakdown: Gold: 351 ( 35 points) Experience: 5 levels ( 400 points) Exploration: 7 levels ( 180 points) Discoveries: 17 items ( 850 points) Variety of kills: 24 monsters ( 1200 points) Major goal: (nothing yet) ( 0 points) Survival: died (score multiplied by 3) Total score: 7995 Latest messages: You succeed in picking the lock. The door opens. (2x) Please move the cursor to an unknown object. Never mind. You displace Space Commander Robert Barker of the USS Free Enterprise. You hear someone cursing shoplifters. You displace Space Commander Robert Barker of the USS Free Enterprise. You see here a chain mail. You displace Space Commander Robert Barker of the USS Free Enterprise. The door opens. You stab the giant spider! The giant spider bites! The giant spider moves its spinnerets around you. You stab the giant spider! The giant spider bites! The giant spider's bite was poisoned! You die... The sack is empty. The sack is empty. Final status: Goodbye nivaead the Rogue, killed by a giant spider... You died in The Dungeons of Doom on dungeon level 7 with 7995 points, and 351 pieces of gold, after 2721 moves. You were level 5 with a maximum of 35 hit points when you died.